 Dungeon Crawl Stone Soup version 0.25-a0-934-g041635d5d1 (webtiles) character file.

Game seed: 8928491934408684294, levelgen mode: deterministic

723 Chiseanne the Magician (level 7, -4/52 HPs)
             Began as a Demonspawn Wizard on May 4, 2020.
             Slain by Edmund
             ... wielding a +3 flail of protection
              (10 damage)
             ... on level 5 of the Dungeon.
             The game lasted 00:08:12 (4876 turns).

Chiseanne the Magician (Demonspawn Wizard)          Turns: 4876, Time: 00:08:12

Health: -4/52      AC:  5    Str:  7    XL:     7   Next: 43%
Magic:  4/14       EV: 12    Int: 22    God:
Gold:   164        SH:  0    Dex: 11    Spells: 10/16 levels left

rFire    . . .     SeeInvis .   f - +1 dagger (drain)
rCold    . . .     Gourm    .   (no shield)
rNeg     + + .     Faith    .   s - +1 robe "Sovot" {*Contam rN++}
rPois    .         Spirit   .   b - +0 hat
rElec    .         Reflect  .   (no cloak)
rCorr    .         Harm     .   k - +0 pair of gloves
MR       .....                  (no boots)
Stlth    +++.......             (no amulet)
HPRegen  0.17/turn              (no ring)
MPRegen  0.14/turn              (no ring)

@: mighty, very slightly contaminated
A: hooves 1, rugged brown scales 1, nightstalker 1, spiny 1
a: no special abilities


You were on level 5 of the Dungeon.
You were hungry.

You visited 1 branch of the dungeon, and saw 5 of its levels.

You collected 164 gold pieces.

Inventory:

Hand Weapons
 e - a +0 hunting sling
 f - a +1 dagger of draining (weapon)
Missiles
 a - 2 throwing nets
 c - 42 poisoned darts (quivered)
 h - 132 stones
 j - 32 sling bullets
 q - 11 bolts
 r - 62 arrows
Armour
 b - a +0 hat (worn)
 k - a +0 pair of gloves (worn)
 s - the +1 robe "Sovot" (worn) {*Contam rN++}
   (You found it on level 4 of the Dungeon)

   It greatly protects you from negative energy.
   It causes magical contamination when unequipped.
Scrolls
 g - a scroll of amnesia
 i - 2 scrolls of remove curse
 n - a scroll of teleportation
Potions
 l - a potion of curing
 m - 2 potions of stabbing {unknown}
 o - a potion of berserk rage {unknown}
 p - a potion of flight {unknown}
 t - a potion of lignification {unknown}
 u - a potion of haste {unknown}
Comestibles
 d - 11 rations
 v - 3 chunks of flesh


   Skills:
 * Level 2.4 Fighting
 - Level 1.7 Dodging
 * Level 4.5 Stealth
 * Level 5.1 Spellcasting
 * Level 4.5 Conjurations
   Level 1.0 Summonings
 - Level 0.8 Translocations


You had 10 spell levels left.
You knew the following spells:

 Your Spells              Type           Power        Failure   Level  Hunger
a - Magic Dart            Conj           ####         1%          1    None
b - Blink                 Tloc           N/A          11%         2    None
d - Mephitic Cloud        Conj/Pois/Air  ##......     16%         3    ##.....

Your spell library contained the following spells:

 Spells                   Type           Power        Failure   Level  Hunger
 Call Imp                 Summ           ##......     10%         2    None
 Conjure Flame            Conj/Fire      ###.....     12%         3    ##.....
 Slow                     Hex            #.......     16%         2    None


Dungeon Overview and Level Annotations

Branches:
Dungeon (5/15)
 Temple: D:4-7

Altars:
Ashenzari
Fedhas
Makhleb
Ru
Uskayaw
The Shining One

Annotations:
D:4 3 runed translucent doors, kelmiir's ghost, amateur HOFi
D:5 Edmund


Innate Abilities, Weirdness & Mutations

You have large cloven feet.
You are partially covered in rugged brown scales. (AC +1, +3% HP)
You are slightly more attuned to the shadows.
You are partially covered in sharp spines.


Message History

You hit Edmund.
Edmund is heavily wounded.
Edmund seems less confused.
Edmund hits you with a +3 flail of protection!
You barely miss Edmund. Your kick misses Edmund.
Edmund is heavily wounded.
You aren't carrying any items that you can evoke.
Unknown command.
You feel very mighty all of a sudden.
Edmund hits you with a +3 flail of protection.
* * * LOW HITPOINT WARNING * * *
You barely miss Edmund.
Edmund is heavily wounded.
Edmund hits you with a +3 flail of protection!
* * * LOW HITPOINT WARNING * * *
You hit Edmund. You drain Edmund.
Edmund is heavily wounded.
Edmund is struck by your spines.
Edmund hits you with a +3 flail of protection!
You die...

#.# ######### #.#
###.##.#### #.#
#.......... #)#
#.....####. #.#
#..?..# #. #.#
#.....# #. #.#
#.....# #. #@#
####### #. #@# #.
#.# ##### #.
#.#####...#######.
#.................
#######....#######
##...# #####


You could see Edmund.

Vanquished Creatures
  Sigmund (D:2)
  A sky beast (D:5)
  An ogre (D:5)
  A bullfrog (D:4)
  A hound (D:5)
  2 orc priests
  A gnoll shaman (D:4)
  An iguana (D:5)
  2 orc wizards
  3 gnolls (D:4)
  2 adders
  2 dart slugs (D:1)
  A leopard gecko (D:2)
  7 orcs
  10 bats
  8 giant cockroaches
  9 goblins
  10 hobgoblins
  3 jackals (D:3)
  6 kobolds
  3 quokkas
  A ball python (D:1)
  4 frilled lizards
  6 rats
86 creatures vanquished.

Notes
Turn   | Place    | Note
-------+----------+-------------------------------------------
     0 | D:1      | Chiseanne the Demonspawn Wizard began the quest for the
                  | Orb.
     0 | D:1      | Reached XP level 1. HP: 13/13 MP: 4/4
   322 | D:1      | Gained mutation: You are slightly more attuned to the
                  | shadows. [demonic ancestry]
   322 | D:1      | Reached XP level 2. HP: 19/19 MP: 4/6
   404 | D:1      | Found a shattered altar of Ashenzari.
  1170 | D:1      | Reached XP level 3. HP: 24/24 MP: 5/7
  1316 | D:2      | Learned a level 2 spell: Blink
  1320 | D:2      | Learned a level 3 spell: Mephitic Cloud
  2026 | D:2      | Found a glowing golden altar of the Shining One.
  2115 | D:2      | Noticed Sigmund
  2129 | D:2      | Killed Sigmund
  2129 | D:2      | Reached skill level 4 in Spellcasting
  2129 | D:2      | Reached XP level 4. HP: 30/30 MP: 6/10
  2129 | D:2      | Gained mutation: You have large cloven feet. [demonic
                  | ancestry]
  2129 | D:2      | Reached XP level 5. HP: 35/35 MP: 6/11
  2485 | D:3      | Found a blossoming altar of Fedhas.
  2555 | D:3      | Found a hide-covered altar of Uskayaw.
  2844 | D:3      | Gained mutation: You are partially covered in rugged brown
                  | scales. (AC +1, +3% HP) [demonic ancestry]
  2844 | D:3      | Reached XP level 6. HP: 9/42 MP: 1/12
  3612 | D:4      | Found a sacrificial altar of Ru.
  3667 | D:4      | Got a brightly glowing robe
  3678 | D:4      | Identified the +1 robe "Sovot" {*Contam rN++} (You found it
                  | on level 4 of the Dungeon)
  4124 | D:4      | Found a runed translucent gate.
  4125 | D:4      | Found a runed translucent gate.
  4126 | D:4      | Found a runed translucent gate.
  4126 | D:4      | Noticed kelmiir's ghost (amateur HOFi)
  4233 | D:4      | Reached skill level 1 in Fighting
  4602 | D:5      | Entered Level 5 of the Dungeon
  4620 | D:5      | Noticed a sky beast
  4623 | D:5      | Found a burning altar of Makhleb.
  4632 | D:5      | Gained mutation: You are partially covered in sharp spines.
                  | [demonic ancestry]
  4632 | D:5      | Reached XP level 7. HP: 50/50 MP: 5/14
  4640 | D:5      | Reached skill level 5 in Spellcasting
  4825 | D:5      | Noticed Edmund
  4876 | D:5      | Slain by Edmund

Levels and vault maps discovered:
D:1:      roderic_octagonal_star, layout_rooms, nicolae_ashenzari_panopticon
D:2:      layout_loops_ring, overflow_temple_1_default, serial_bayou_pond_b,
          uniq_sigmund
D:3:      layout_basic, nicolae_overflow_crystal_walls,
          overflow_temple_1_default, first_ration
D:4:      layout_layer_cave, overflow_temple_1_default,
          ebering_ghost_rock_garden
D:5:      layout_loops_cross, makhleb_heckhound_becter, kennysheep_little_box,
          minmay_temple_entry_statues_fountains, gammafunk_ghost_grave,
          uniq_edmund

Skill      XL: |  1  2  3  4  5  6  7 |
---------------+----------------------+-----
Stealth        | 2 3 4 |  4.5
Conjurations   | 2 3 4 |  4.5
Spellcasting   | 4 5 |  5.1
Fighting       | 1 2 |  2.4
Dodging        | |  1.7
Summonings     | |  1.0
Translocations | |  0.8

Action                   |  1- 3 |  4- 6 |  7- 9 || total
-------------------------+-------+-------+-------++-------
Melee: Dagger            |    33 |    33 |    12 ||    78
       Kick              |       |     5 |     3 ||     8
Throw: Dart              |     1 |       |       ||     1
 Cast: Magic Dart        |    89 |    89 |     3 ||   181
       Mephitic Cloud    |     1 |     6 |     2 ||     9
       Blink             |       |     5 |       ||     5
  Use: Scroll            |     4 |     4 |     3 ||    11
       Potion            |       |       |     1 ||     1
 Stab: Confused          |     1 |     1 |     4 ||     6
       Sleeping          |     1 |       |       ||     1
  Eat: Chunk             |     4 |     7 |     1 ||    12
Armor: Robe              |     7 |     9 |     2 ||    18
Dodge: Dodged            |    25 |    25 |     5 ||    55

Table legend:
 A = Non-vault XP
 B = Vault XP
 C = Vault XP percentage of total XP
 D = Non-vault monster count
 E = Vault monster count
 F = Vault count percentage of total count
                 A         B        C        D         E       F
            +---------+---------+-------+---------+---------+-------
      Total |     772 |     261 |  25.3 |      82 |       4 |   4.7
            +---------+---------+-------+---------+---------+-------
        D:1 |      42 |       0 |   0.0 |      24 |       0 |   0.0
        D:2 |      33 |     216 |  86.7 |      19 |       3 |  13.6
        D:3 |     131 |       0 |   0.0 |      23 |       0 |   0.0
        D:4 |     284 |       0 |   0.0 |      12 |       0 |   0.0
        D:5 |     282 |      45 |  13.8 |       4 |       1 |  20.0
            +---------+---------+-------+---------+---------+-------
